 Dungeon Crawl Stone Soup version 0.17-a0-82-g3e33fa6 (webtiles) character file.

196 Ngotmuk the Covered (level 6, -2/48 HPs)
             Began as a Human Fighter on Mar 16, 2015.
             Slain by Sigmund
             ... wielding a cursed -1 scythe
              (10 damage)
             ... on level 3 of the Dungeon.
             The game lasted 00:04:40 (1385 turns).

Ngotmuk the Covered (Human Fighter)                 Turns: 1385, Time: 00:04:40

Health: -2/48      AC:  4    Str: 18    XL:     6   Next: 4%
Magic:  15/15      EV: 10    Int:  8    God:
Gold:   140        SH:  9    Dex: 16    Spells: 0 memorised, 5 levels left

rFire  . . .     SeeInvis .     p - +0 morningstar (flame)
rCold  . . .     Clarity  .     A - -2 leather armour (curse)
rNeg   + . .     SustAb   .     c - +0 shield
rPois  .         Gourm    .     (no helmet)
rElec  .         Spirit   .     (no cloak)
rCorr  .         Warding  +     a - +2 pair of gloves {Dex+3}
rMut   .         Stasis   .     (no boots)
MR     .....                    w - amulet of warding
Stlth  +.........               (no ring)
                                t - ring of magical power

@: not resistant to hostile enchantments, very unstealthy
A: no striking features
a: no special abilities


You were on level 3 of the Dungeon.
You were not hungry.

You visited 1 branch of the dungeon, and saw 3 of its levels.

You collected 140 gold pieces.

Inventory:

Hand weapons
 p - a +0 morningstar of flaming (weapon)
Armour
 a - a +2 pair of gloves of dexterity (worn)
 c - a +0 shield (worn)
 z - a +0 plate armour
 A - a cursed -2 leather armour (worn)
Jewellery
 t - a ring of magical power (left hand)
 w - an amulet of warding (around neck)
Scrolls
 f - a scroll of recharging {unknown}
 g - 6 scrolls of identify {unknown}
 h - 3 scrolls of blinking {unknown}
 i - a scroll of immolation {unknown}
 k - 3 scrolls of remove curse {unknown}
 l - 3 scrolls of teleportation {unknown}
 u - a scroll of noise {unknown}
 x - 2 scrolls of enchant weapon {unknown}
 y - a scroll of fog {unknown}
Potions
 e - a potion of might
 j - 2 potions of agility {unknown}
 m - a potion of haste {unknown}
 q - a potion of heal wounds {unknown}
 r - 2 potions of magic {unknown}
 s - a potion of brilliance {unknown}
 v - a potion of curing {unknown}
Comestibles
 b - a beef jerky
 d - 2 bread rations
 n - a royal jelly
 o - a fruit


   Skills:
 + Level 4.0 Fighting
 + Level 3.1 Maces & Flails
 + Level 4.0 Armour
 + Level 1.9 Dodging
 + Level 3.6 Shields


You had 5 spell levels left.
You didn't know any spells.

Dungeon Overview and Level Annotations

Branches:
Dungeon (3/15)

Altars:
Xom

Annotations:
D:3 Sigmund


Message History

Sigmund flickers and vanishes!
Deactivating autopickup; reactivate with Ctrl-A.
You block the goblin's attack. The goblin hits you.
You closely miss the goblin. The goblin barely misses you.
You hit the goblin. You burn the goblin.
You kill the goblin!
Something hits you!
You hear some strange, mumbled words.
The magic dart hits you! Something hits you. Something hits you.
Something hits you!
You see here a worm corpse.
The puff of flame hits you!
* * * LOW HITPOINT WARNING * * *
The magic dart hits you!
* * * LOW HITPOINT WARNING * * *
You block its attack.
You puncture something!! You burn something. Something hits you!
You die...

###.###...# #)# #...# #.#
#...# #.# ###.# #.# #.# ##.#
#.# #..# #.# #.## #<# #@# #.#
#†# #<# # ######.# #.# ...
#......# #.# #
#.....##.###########.##....#
........................# ###
#......#######.########## ...
......#######.#### ###
.................############


There were no monsters in sight!

Vanquished Creatures
  4 crimson imps (D:3)
  2 adders
  2 worms
  4 orcs (D:3)
  5 goblins
  4 hobgoblins
  4 bats
  3 giant newts
  6 kobolds
  5 rats
39 creatures vanquished.

Notes
Turn   | Place    | Note
--------------------------------------------------------------
     0 | D:1      | Ngotmuk, the Human Fighter, began the quest for the Orb.
     0 | D:1      | Reached XP level 1. HP: 18/18 MP: 1/1
   256 | D:1      | Reached XP level 2. HP: 24/24 MP: 2/2
   426 | D:1      | You fall through a shaft!
   638 | D:2      | Reached XP level 3. HP: 29/29 MP: 3/3
  1028 | D:3      | Found a shimmering altar of Xom.
  1037 | D:3      | Reached skill level 1 in Dodging
  1037 | D:3      | Reached XP level 4. HP: 33/35 MP: 4/4
  1061 | D:3      | Reached XP level 5. HP: 39/42 MP: 5/5
  1268 | D:3      | Reached skill level 4 in Armour
  1304 | D:3      | Reached XP level 6. HP: 46/48 MP: 6/6
  1363 | D:3      | Noticed Sigmund
  1385 | D:3      | Slain by Sigmund

Action                   |  1- 3 |  4- 6 || total
-------------------------+-------+-------++-------
Melee: Flail             |    19 |       ||    19
       Morningstar       |    48 |    39 ||    87
  Eat: Meat ration       |       |     1 ||     1
